 Dungeon Crawl Stone Soup version 0.25-a0-424-g80bd347 (webtiles) character file.

Game seed: 5595160446914002837, levelgen mode: deterministic

4088 BlueFish the Ruffian (level 10, -4/68 HPs)
             Began as an Octopode Transmuter on Jan 22, 2020.
             Was a Believer of Sif Muna.
             Slain by a centaur
             ... wielding a +0 club
              (9 damage)
             ... on level 8 of the Dungeon.
             The game lasted 00:24:50 (9379 turns).

BlueFish the Ruffian (Octopode Transmuter)          Turns: 9379, Time: 00:24:50

Health: -4/68      AC:  2    Str: 13    XL:     10   Next: 26%
Magic:  7/26       EV: 15    Int: 16    God:    Sif Muna [**....]
Gold:   433        SH:  0    Dex: 12    Spells: 9/19 levels left

rFire    + . .     SeeInvis .     - Unarmed
rCold    . . .     Gourm    .   (no shield)
rNeg     . . .     Faith    .   j - +1 hat
rPois    .         Spirit   .   (no amulet)
rElec    .         Reflect  .   b - ring of protection from fire
rCorr    +         Harm     .   e - ring of resist corrosion
MR       .....                  m - ring of magical power
Stlth    ++++......             (no ring)
HPRegen  0.21/turn              (no ring)
MPRegen  0.20/turn              (no ring)
                                (no ring)
                                (no ring)

@: about to teleport, very slightly contaminated
A: almost no armour, stealthy swim, amphibious, 8 rings, constrict 8, camouflage
1, gelatinous body 1
a: Channel Magic, Renounce Religion


You were on level 8 of the Dungeon.
You worshipped Sif Muna.
Sif Muna was pleased with you.
You were hungry.

You visited 1 branch of the dungeon, and saw 8 of its levels.

You collected 433 gold pieces.

Inventory:

Missiles
 a - 96 arrows
Armour
 j - a +1 hat (worn)
Jewellery
 b - a ring of protection from fire (left tentacle)
 e - a ring of resist corrosion (right tentacle)
 m - a ring of magical power (on tentacle)
 r - an uncursed ring of wizardry {unknown}
Wands
 k - a wand of random effects (29)
Scrolls
 f - 3 scrolls of remove curse
 g - 2 scrolls of teleportation
 q - a scroll of fear
 s - 2 scrolls of noise
Potions
 d - 4 potions of curing
 h - 2 potions of flight
 i - 2 potions of agility
 l - 2 potions of haste
 o - 2 potions of magic
 p - a potion of berserk rage
 t - a potion of mutation {unknown}
Comestibles
 c - 14 rations
 n - 6 chunks of flesh


   Skills:
 * Level 6.0 Fighting
 + Level 4.8 Dodging
 + Level 5.1 Stealth
 + Level 7.4 Unarmed Combat
 + Level 5.2 Spellcasting
 + Level 5.2 Transmutations
 * Level 4.9 Ice Magic
 + Level 4.5 Poison Magic


You had 9 spell levels left.
You knew the following spells:

 Your Spells              Type           Power        Failure   Level  Hunger
a - Beastly Appendage     Tmut           ###...       1%          1    None
b - Sticks to Snakes      Tmut           ###.....     2%          2    #......
c - Spider Form           Tmut/Pois      ###.......   6%          3    ###....
d - Ice Form              Ice/Tmut       ###.....     19%         4    ####...

Your spell library contained the following spells:

 Spells                   Type           Power        Failure   Level  Hunger
 Freeze                   Ice            ###.         1%          1    None
 Blade Hands              Tmut           ###.......   43%         5    ######.


Dungeon Overview and Level Annotations

Branches:
Dungeon (8/15)             Temple (0/1) D:7            Lair (0/6) D:8

Altars:
Ashenzari
Gozag
Nemelex Xobeh
Okawaru
Ru
Sif Muna
Trog
Vehumet
The Shining One

Shops:
D:4 }

Annotations:
D:4 2 transporters, rhoddlet's ghost, novice GrFi


Innate Abilities, Weirdness & Mutations

You cannot wear most types of armour.
You are very stealthy in the water. (Stealth+)
You are amphibious.
You can wear up to eight rings at the same time.
You can use your tentacles to constrict eight enemies at once.
Your skin changes colour to match your surroundings (Stealth+).
Your rubbery body absorbs attacks. (AC +1, EV +1)


Message History

Your +1 hat unmelds from your body.
The centaur shoots an arrow.
The arrow hits you!
You see here an arrow.
The centaur unwields a +0 shortbow.
The centaur wields a +0 club.
The centaur hits you with a +0 club!
* * * LOW HITPOINT WARNING * * *
Okay, then.
As you read the scroll of fear, it crumbles to dust.
You assume a fearsome visage.
The orc looks frightened!
The orc wizard looks frightened!
The centaur looks frightened!
Cornered, the centaur turns to fight!
The orc wizard casts a spell.
The orc wizard blinks!
As you read the scroll of teleportation, it crumbles to dust.
You feel strangely unstable. The centaur hits you with a +0 club.
* * * LOW HITPOINT WARNING * * *
The centaur hits you with a +0 club.
* * * LOW HITPOINT WARNING * * *
The centaur hits you with a +0 club!
You die...

......
#.#.###........##.#
...#.# #.#.#
#........##.######
o.##.# #.#.#
#........'........
..##.# #.#.#
#.....(..##.######
.# #.# #.#.#
#..[%....##.#<....
# #.# #.#.#
#........##.######
####.# #.#.#
#.(......##..


hh.hS# #.#.###........#### ####รท# #.....c@.####### #c#######o###### #.ohhS.S..#
########### You could see a centaur and an orc (fleeing).

Vanquished Creatures
  A two-headed ogre (D:8)
  3 hippogriffs (D:7)
  Sigmund (D:6)
  A wyvern (D:8)
  2 wargs (D:8)
  2 black bears (D:8)
  4 orc warriors
  Duvessa (D:7)
  2 ogres
  A phantom (D:5)
  2 centaurs
  Dowan (D:7)
  A scorpion (D:6)
  2 howler monkeys (D:8)
  2 crimson imps
  3 jellies
  An orc priest (D:6)
  A bullfrog skeleton (D:5)
  7 hounds
  8 orc wizards
  Terence (D:3)
  An iguana (D:7)
  3 worker ants
  A hound skeleton (D:4)
  A howler monkey zombie (D:8)
  11 adders
  5 gnolls
  2 shadow imps
  An ooze (D:4)
  An adder skeleton (D:7)
  A worm (D:3)
  A dart slug (D:1)
  4 leopard geckos
  18 orcs
  3 ball pythons (D:3)
  3 giant cockroaches
  11 goblins
  6 hobgoblins
  10 jackals
  9 quokkas
  12 bats
  5 frilled lizards
  6 kobolds
  2 leopard gecko skeletons
  6 rats
170 creatures vanquished.

Vanquished Creatures (collateral kills)
  2 bullfrogs (D:8)
  A bullfrog zombie (D:8)
  A worker ant (D:8)
  An orc (D:8)
5 creatures vanquished.

Vanquished Creatures (others)
  An orc wizard (D:6)
1 creature vanquished.

Grand Total: 176 creatures vanquished

Notes
Turn   | Place    | Note
-------+----------+-------------------------------------------
     0 | D:1      | BlueFish the Octopode Transmuter began the quest for the
                  | Orb.
     0 | D:1      | Reached XP level 1. HP: 13/13 MP: 3/3
   326 | D:1      | Reached XP level 2. HP: 12/18 MP: 3/5
   331 | D:1      | Learned a level 2 spell: Sticks to Snakes
  1027 | D:2      | Reached XP level 3. HP: 16/24 MP: 4/6
  1032 | D:2      | Learned a level 3 spell: Spider Form
  1171 | D:2      | Found a glowing golden altar of the Shining One.
  1232 | D:2      | Found a sparkling altar of Nemelex Xobeh.
  1443 | D:2      | Reached XP level 4. HP: 14/29 MP: 5/7
  1622 | D:2      | Reached skill level 1 in Poison Magic
  2110 | D:3      | Noticed Terence
  2122 | D:3      | Killed Terence
  2122 | D:3      | Reached skill level 1 in Stealth
  2122 | D:3      | Reached XP level 5. HP: 32/34 MP: 1/8
  2461 | D:3      | Found a radiant altar of Vehumet.
  2621 | D:4      | Reached skill level 4 in Unarmed Combat
  2645 | D:4      | Found an opulent altar of Gozag.
  2673 | D:4      | Reached XP level 6. HP: 36/41 MP: 8/10
  2679 | D:4      | Learned a level 4 spell: Ice Form
  2679 | D:4      | Noticed rhoddlet's ghost (novice GrFi)
  2680 | D:4      | Found a transporter.
  2704 | D:4      | Found a transporter.
  3166 | D:4      | Found Wuimeam's Gadget Boutique.
  3320 | D:4      | Found a bloodstained altar of Trog.
  3321 | D:4      | Found an iron altar of Okawaru.
  3330 | D:4      | Reached XP level 7. HP: 34/46 MP: 8/11
  3413 | D:5      | Entered Level 5 of the Dungeon
  3425 | D:5      | Found a shimmering blue altar of Sif Muna.
  3428 | D:5      | Became a worshipper of Sif Muna the Loreminder
  4420 | D:5      | Found a shimmering blue altar of Sif Muna.
  4453 | D:5      | Identified Sif Muna's Catalogue of Ice
  4893 | D:6      | Reached skill level 5 in Unarmed Combat
  4893 | D:6      | Reached skill level 1 in Ice Magic
  4908 | D:6      | Noticed Sigmund
  4920 | D:6      | Killed Sigmund
  4920 | D:6      | Reached XP level 8. HP: 35/54 MP: 10/13
  5368 | D:6      | Found a sacrificial altar of Ru.
  5488 | D:6      | Got a slimy whip
  5511 | D:6      | Reached * piety under Sif Muna
  6037 | D:6      | HP: 2/54 [orc warrior/+0 scimitar (13)]
  6728 | D:7      | Found a staircase to the Ecumenical Temple.
  6799 | D:7      | Noticed a hippogriff
  6816 | D:7      | Killed a hippogriff
  6816 | D:7      | Reached skill level 6 in Unarmed Combat
  6816 | D:7      | Reached XP level 9. HP: 7/59 MP: 12/15
  7099 | D:7      | Noticed Duvessa
  7390 | D:7      | Reached skill level 5 in Fighting
  7640 | D:7      | Noticed Dowan
  7847 | D:7      | Killed Duvessa
  7857 | D:7      | Killed Dowan
  8198 | D:8      | Noticed a two-headed ogre
  8257 | D:8      | Killed a two-headed ogre
  8257 | D:8      | Reached skill level 7 in Unarmed Combat
  8267 | D:8      | Reached skill level 5 in Spellcasting
  8295 | D:8      | Reached XP level 10. HP: 34/68 MP: 17/17
  8535 | D:8      | Reached ** piety under Sif Muna
  8565 | D:8      | Reached skill level 5 in Transmutations
  8981 | D:8      | Reached skill level 5 in Stealth
  9034 | D:8      | Found a shattered altar of Ashenzari.
  9323 | D:8      | Found a staircase to the Lair.
  9379 | D:8      | Slain by a centaur

Levels and vault maps discovered:
D:1:      psy_arrival_conway, layout_basic, minmay_tiny_reverse_x
D:2:      layout_rooms, nicolae_tso_carved_into_rock,
          nemelex_xobeh_ov_fountains_minmay
D:3:      layout_rooms, lemuel_coloured_pillars_altar, first_ration,
          uniq_terence
D:4:      layout_basic, nicolae_overflow_crystal_walls,
          grunt_temple_overflow_bloody_war, gammafunk_ghost_arena, serial_shops,
          kennysheep_little_box
D:5:      layout_basic, kennysheep_mini_moat, led_sif_book
D:6:      layout_basic, nicolae_ru_sacrificial_ziggurat, uniq_sigmund
D:7:      layout_cave_pools, temple_green, enter_bailey_3, uniq_duvessa
D:8:      layout_basic, marbit_many_paths, erik_lair_orcish_takeover

Skill      XL: |  1  2  3  4  5  6  7  8  9 10 |
---------------+-------------------------------+-----
Fighting       | 2 3 4 5 6 |  6.0
Poison Magic   | 1 2 3 4 |  4.5
Stealth        | 1 2 3 4 5 |  5.1
Unarmed Combat | 4 5 6 7 |  7.4
Spellcasting   | 3 4 5 |  5.2
Transmutations | 3 4 5 |  5.2
Ice Magic      | 1 3 4 |  4.9
Dodging        | 3 4 |  4.8

Action                   |  1- 3 |  4- 6 |  7- 9 | 10-12 || total
-------------------------+-------+-------+-------+-------++-------
Melee: Unarmed           |    81 |   142 |   270 |    65 ||   558
       Constrict         |    22 |    19 |    21 |     1 ||    63
       Kick              |    11 |    15 |    21 |       ||    47
       Tentacles         |     6 |    13 |    19 |     1 ||    39
       Punch             |     2 |     3 |     2 |       ||     7
 Cast: Beastly Appendage |    16 |    24 |    21 |     1 ||    62
       Spider Form       |       |     9 |    19 |     7 ||    35
       Sticks to Snakes  |       |       |     9 |    10 ||    19
  Use: Scroll            |     5 |     6 |     8 |     2 ||    21
       Potion            |       |       |     2 |       ||     2
 Stab: Sleeping          |     5 |     6 |     7 |     1 ||    19
       Distracted        |       |       |     1 |       ||     1
  Eat: Chunk             |     2 |     7 |    18 |     4 ||    31
Armor: Skin              |     9 |     6 |    23 |       ||    38
Dodge: Dodged            |    62 |   108 |   214 |    61 ||   445

Table legend:
 A = Non-vault XP
 B = Vault XP
 C = Vault XP percentage of total XP
 D = Non-vault monster count
 E = Vault monster count
 F = Vault count percentage of total count
                 A         B        C        D         E       F
            +---------+---------+-------+---------+---------+-------
      Total |    4860 |     981 |  16.8 |     160 |      16 |   9.1
            +---------+---------+-------+---------+---------+-------
        D:1 |      18 |       2 |  10.0 |       8 |       2 |  20.0
        D:2 |      76 |       0 |   0.0 |      26 |       0 |   0.0
        D:3 |     109 |      36 |  24.8 |      37 |       1 |   2.6
        D:4 |     366 |      14 |   3.7 |      12 |       1 |   7.7
        D:5 |     311 |      80 |  20.5 |      11 |       2 |  15.4
        D:6 |     912 |     220 |  19.4 |      27 |       1 |   3.6
        D:7 |    1093 |     218 |  16.6 |      15 |       6 |  28.6
        D:8 |    1975 |     411 |  17.2 |      24 |       3 |  11.1
            +---------+---------+-------+---------+---------+-------
